 Dungeon Crawl Stone Soup version 0.17.0-73-gb648821 (webtiles) character file.

1408 Rationalist the Shield-Bearer (level 9, 0/68 HPs)
             Began as a Formicid Fighter on Dec 10, 2015.
             Was an Initiate of Qazlal.
             Slain by Rationalist's ghost (7 damage)
             ... on level 6 of the Dungeon.
             The game lasted 00:09:02 (5871 turns).

Rationalist the Shield-Bearer (Formicid Fighter)    Turns: 5871, Time: 00:09:02

Health: 0/68       AC:  5    Str: 19    XL:     9   Next: 1%
Magic:  9/9        EV: 12    Int:  8    God:    Qazlal [......]
Gold:   315        SH: 10    Dex: 13    Spells: 0 memorised, 8 levels left

rFire  . . .     SeeInvis +     A - +2 hand crossbow (freeze)
rCold  . . .     Clarity  .     t - +0 leather armour {MR+}
rNeg   . . .     SustAt   .     c - +0 shield
rPois  .         Gourm    .     (helmet unavailable)
rElec  .         Spirit   .     (no cloak)
rCorr  .         Warding  .     (no gloves)
rMut   .         Stasis   +     (no boots)
MR     +....                    (no amulet)
Stlth  +.........               (no ring)
                                x - +2 ring of protection

@: somewhat resistant to hostile enchantments, very unstealthy
A: permanent stasis, dig shafts and tunnels, four strong arms, antennae 3,
hooves 1, weak 1, MP-powered wands
a: Dig, Shaft Self, Renounce Religion


You were on level 6 of the Dungeon.
You worshipped Qazlal.
Qazlal was noncommittal.
You were very hungry.

You visited 1 branch of the dungeon, and saw 6 of its levels.

You collected 315 gold pieces.

Inventory:

Hand Weapons
 a - a +0 war axe
 A - a +2 hand crossbow of freezing (weapon)
Missiles
 h - 52 bolts (quivered)
Armour
 c - a +0 shield (worn)
 t - a +0 leather armour of magic resistance (worn)
Jewellery
 x - a +2 ring of protection (left hand)
Wands
 d - a wand of heal wounds (0)
 m - a wand of enslavement (11)
 q - a wand of paralysis (11)
 w - a wand of frost (18)
Scrolls
 b - a scroll of noise {unknown}
 i - 2 scrolls of fear
 j - 2 scrolls of random uselessness
 k - 3 scrolls of remove curse
 l - a scroll of magic mapping {unknown}
 o - 2 scrolls of enchant armour {unknown}
 r - a scroll of recharging {unknown}
 u - a scroll of blinking {unknown}
 v - a scroll of teleportation {unknown}
 y - a scroll of amnesia {unknown}
 z - a scroll of immolation {unknown}
Potions
 f - a potion of flight
 p - a potion of haste
Books
 s - a book of Maledictions

   Spells                             Type                      Level
   a - Corona                         Hexes                        1
   b - Ensorcelled Hibernation        Hexes/Ice                    2
   c - Confuse                        Hexes                        3
   d - Tukima's Dance                 Hexes                        3
   e - Dazzling Spray                 Conjuration/Hexes            3
Comestibles
 e - 5 bread rations
 g - 2 meat rations
 n - a beef jerky


   Skills:
 + Level 5.5 Fighting
 + Level 4.5 Axes
 + Level 1.9 Crossbows
 + Level 6.5 Armour
 + Level 3.4 Dodging
 + Level 1.1 Stealth
 + Level 7.0 Shields


You had 8 spell levels left.
You didn't know any spells.

Dungeon Overview and Level Annotations

Branches:
Dungeon (6/15)             Temple (0/1) D:5

Altars:
Ashenzari
Kikubaaqudgha
Okawaru
Qazlal
Yredelemnul

Shops:
D:6 =

Annotations:
D:6 Rationalist's ghost, amateur FoFi


Innate Abilities, Weirdness & Mutations

You are under a permanent stasis effect.
You can dig through walls and to a lower floor.
Your four strong arms can wield two-handed weapons with a shield.
You have a pair of large antennae on your head (SInv).
You have large cloven feet.
You are weak. (Str -2)
You expend magic power (3 MP) to strengthen your wands.


Message History

Aim: Rationalist's ghost, wielding a vorpal weapon (severely damaged)
You shoot a bolt.
The bolt closely misses Rationalist's ghost.
The bolt hits the shadow imp but does no damage.
Rationalist's ghost hits you!
* * * LOW HITPOINT WARNING * * *
x2 Firing (i - inventory):
h - 53 bolts (quivered)
Press: ? - help, Shift-Dir - straight line, f/p - Rationalist's ghost
Aim: Rationalist's ghost, wielding a vorpal weapon (severely damaged)
You shoot a bolt.
The bolt barely misses Rationalist's ghost.
The bolt hits the shadow imp!
You kill the shadow imp!
Qazlal accepts your kill. You block Rationalist's ghost's attack.
Rationalist's ghost hits you but does no damage.
Are you sure you want to shaft yourself?
You are feeling very hungry.
Rationalist's ghost hits you!
You die...

.#... ### #.# #.#.# #.#
########.#.############.#
......(..#..............#
###>.(.<..............###
.........############.#
###.####o# #... # #W#
##### #@# #.# ..# ####


You could see Rationalist's ghost and an orc.

Vanquished Creatures
  The ghost of Kloppie the Skirmisher, an amateur CeFi of Elyvilon (D:4)
  Edmund (D:5)
  A phantom (D:6)
  An ogre (D:5)
  An orc warrior (D:6)
  A black bear (D:4)
  An ice beast (D:4)
  A centaur (D:6)
  A scorpion (D:5)
  2 giant frog zombies (D:5)
  2 jellies
  A hound (D:5)
  3 orc priests (D:4)
  An orc wizard (D:4)
  2 giant frog skeletons
  An iguana (D:5)
  A worker ant (D:5)
  A worker ant zombie (D:6)
  6 adders
  A shadow imp (D:6)
  2 oozes
  2 worms (D:3)
  4 giant geckos
  12 orcs
  6 ball pythons
  5 giant cockroaches
  9 goblins
  7 hobgoblins
  7 jackals
  A quokka (D:5)
  11 bats
  12 giant newts
  12 kobolds
  A quokka skeleton (D:5)
  8 rats
129 creatures vanquished.

Vanquished Creatures (others)
  A hound skeleton (D:4)
  A quokka (D:4)
2 creatures vanquished.

Grand Total: 131 creatures vanquished

Notes
Turn   | Place    | Note
--------------------------------------------------------------
     0 | D:1      | Rationalist the Formicid Fighter began the quest for the Orb.
     0 | D:1      | Reached XP level 1. HP: 18/18 MP: 1/1
   155 | D:1      | Reached XP level 2. HP: 21/24 MP: 2/2
   257 | D:1      | Reached XP level 3. HP: 28/30 MP: 3/3
   362 | D:1      | Reached skill level 4 in Shields
   754 | D:2      | Reached XP level 4. HP: 29/37 MP: 4/4
  1267 | D:3      | Found a shattered altar of Ashenzari.
  1430 | D:3      | Found an iron altar of Okawaru.
  1616 | D:3      | Reached skill level 1 in Dodging
  1616 | D:3      | Reached XP level 5. HP: 36/42 MP: 5/5
  2004 | D:3      | Gained mutation: You are weak. (Str -2) [potion of mutation]
  2004 | D:3      | Lost mutation: You are weak. (Str -2) [potion of mutation]
  2004 | D:3      | Gained mutation: You expend magic power (3 MP) to strengthen your wands. [potion of mutation]
  2005 | D:3      | Gained mutation: You are weak. (Str -2) [potion of mutation]
  2005 | D:3      | Gained mutation: You have large cloven feet. [potion of mutation]
  2137 | D:4      | Noticed Kloppie's ghost (amateur CeFi)
  2146 | D:4      | Killed Kloppie's ghost
  2146 | D:4      | Reached skill level 5 in Shields
  2146 | D:4      | Reached XP level 6. HP: 9/49 MP: 6/6
  2723 | D:4      | Reached XP level 7. HP: 55/55 MP: 7/7
  2762 | D:4      | Noticed an ice beast
  2771 | D:4      | Killed an ice beast
  2771 | D:4      | Reached skill level 5 in Armour
  3313 | D:4      | Noticed a black bear
  3321 | D:4      | Killed a black bear
  3321 | D:4      | Reached skill level 1 in Stealth
  3361 | D:4      | Found a stormy altar of Qazlal.
  3380 | D:4      | Became a worshipper of Qazlal Stormbringer
  3774 | D:5      | Entered Level 5 of the Dungeon
  3792 | D:5      | Reached skill level 6 in Shields
  3854 | D:5      | Reached skill level 5 in Fighting
  3854 | D:5      | Reached XP level 8. HP: 9/62 MP: 8/8
  4746 | D:5      | Noticed Edmund
  4758 | D:5      | Killed Edmund
  5029 | D:5      | Found a staircase to the Ecumenical Temple.
  5627 | D:6      | Found Tuiqu's Jewellery Shop.
  5683 | D:6      | Found a basalt altar of Yredelemnul.
  5695 | D:6      | Found an ancient bone altar of Kikubaaqudgha.
  5763 | D:6      | Reached skill level 1 in Crossbows
  5856 | D:6      | Noticed Rationalist's ghost (amateur FoFi)
  5866 | D:6      | Reached skill level 7 in Shields
  5866 | D:6      | Reached XP level 9. HP: 32/68 MP: 9/9
  5871 | D:6      | Slain by Rationalist's ghost

Action                   |  1- 3 |  4- 6 |  7- 9 || total
-------------------------+-------+-------+-------++-------
Melee: War axe           |    92 |   138 |   154 ||   384
 Fire: Hand crossbow     |       |       |    41 ||    41
 Abil: Dig               |       |     1 |       ||     1
       Shaft Self        |       |       |     1 ||     1
  Use: Scroll            |       |     5 |     1 ||     6
       Potion            |       |     3 |     3 ||     6
  Eat: Chunk             |       |     6 |     7 ||    13
       Fruit             |       |       |     3 ||     3
